 Dungeon Crawl Stone Soup version 0.19.4 (console) character file.

21 itsmu the Grave Robber (level 3, -2/25 HPs)
             Began as a Formicid Necromancer on Feb 4, 2017.
             Slain by a jackal (3 damage)
             ... on level 1 of the Dungeon.
             The game lasted 00:04:09 (1438 turns).

itsmu the Grave Robber (Formicid Necromancer)       Turns: 1438, Time: 00:04:10

Health: -2/25      AC:  2    Str: 12    XL:     3   Next: 5%
Magic:  0/6        EV: 12    Int: 15    God:
Gold:   55         SH:  0    Dex: 11    Spells: 2 memorised, 5 levels left

rFire  . . .     SeeInvis +     (no weapon)
rCold  . . .     Gourm    .     a - +0 robe
rNeg   . . .     Faith    .     (no shield)
rPois  .         Spirit   .     (helmet unavailable)
rElec  .         Reflect  .     (no cloak)
rCorr  .         Harm     .     (no gloves)
MR     .....                    (no boots)
Stlth  ++........               (no amulet)
                                (no ring)
                                (no ring)

@: flying
A: permanent stasis, dig shafts and tunnels, four strong arms, antennae 3
a: Dig, Shaft Self


You were on level 1 of the Dungeon.
You were not hungry.

You visited 1 branch of the dungeon, and saw 1 of its levels.

You collected 55 gold pieces.

Inventory:

Hand Weapons
 b - a +0 hunting sling
   (You found it on level 1 of the Dungeon)
Missiles
 j - 22 stones (quivered)
Armour
 a - a +0 robe (worn)
Scrolls
 d - 2 scrolls of immolation {unknown}
 i - a scroll of recharging {unknown}
 k - a scroll of identify {unknown}
 l - a scroll of fog {unknown}
 m - a scroll of enchant weapon {unknown}
Books
 h - a book of Necromancy

   Spells                             Type                      Level
   a - Pain                           Necromancy                   1
   b - Animate Skeleton               Necromancy                   1
   c - Vampiric Draining              Necromancy                   3
   d - Regeneration                   Charms/Necromancy            3
   e - Animate Dead                   Necromancy                   4
   f - Control Undead                 Necromancy                   4
Comestibles
 c - a bread ration
 g - 2 chunks of flesh


   Skills:
 + Level 0.7 Fighting
 + Level 2.0 Dodging
 - Level 2.4 Stealth
 * Level 2.6 Spellcasting
 * Level 4.3 Necromancy


You had 5 spell levels left.
You knew the following spells:

 Your Spells              Type           Power        Failure   Level  Hunger
a - Pain                  Necr           ##..         4%          1    #......
b - Animate Skeleton      Necr           N/A          4%          1    #......


Dungeon Overview and Level Annotations

Branches:
Dungeon (1/15)

Altars:


Innate Abilities, Weirdness & Mutations

You are under a permanent stasis effect.
You can dig through walls and to a lower floor.
Your four strong arms can wield two-handed weapons with a shield.
You have a pair of large antennae on your head. (SInv)


Message History

The jackal bites you.
* * * LOW HITPOINT WARNING * * *
It was a potion of flight.
You feel very buoyant.
You fly up into the air.
The jackal bites you.
* * * LOW HITPOINT WARNING * * *
Your magical contamination has completely faded away.
It was a potion of haste.
Your stasis keeps you stable.
The jackal bites you.
* * * LOW HITPOINT WARNING * * *
The jackal bites you.
* * * LOW HITPOINT WARNING * * *
Casting: Pain
Confirm with . or Enter, or press ? or * to list all spells.
Aiming: Pain
Press: ? - help, Shift-Dir - straight line, f - jackal
Aim: a jackal (severely wounded, chance to defeat MR: 85%)
The jackal writhes in agony!
You kill the jackal!
You miss the jackal. The jackal bites you.
You die...

####...## #...............>...
### ###..# #......###.#.#.#.###
#>## ##'###......##........# #
...######...##........#.#.#.#.# #
.............#..#...##........# #
.⌠........⌠..#..#.....#.#.#.#.###
.......÷.....#..#................
)..####.#...##..##....#.#.#.#.###
#+#####.######..ah..........>.#
......#.# #..###.###.#.#.#.#
.<..♣..## #..# #.##........#
......## #..# #.###.#.#.#.#
####### #..# #.##........### ...#
#...#.#.#.#.... ###.#
#.#........#### ........#.#.#.##
###.##.......#


You could see a jackal.

Vanquished Creatures
  2 leopard geckos (D:1)
  A ball python (D:1)
  A giant cockroach (D:1)
  2 hobgoblins (D:1)
  3 jackals (D:1)
  A bat (D:1)
  A frilled lizard (D:1)
  2 goblins (D:1)
  A rat (D:1)
14 creatures vanquished.

Vanquished Creatures (collateral kills)
  A dart slug (D:1)
  A kobold (D:1)
  2 rats (D:1)
4 creatures vanquished.

Grand Total: 18 creatures vanquished

Notes
Turn   | Place    | Note
-------+----------+-------------------------------------------
     0 | D:1      | itsmu the Formicid Necromancer began the quest for the Orb.
     0 | D:1      | Reached XP level 1. HP: 13/13 MP: 3/3
     2 | D:1      | Learned a level 1 spell: Animate Skeleton
   468 | D:1      | Reached XP level 2. HP: 14/19 MP: 1/5
  1429 | D:1      | Reached XP level 3. HP: 18/25 MP: 0/6
  1438 | D:1      | Slain by a jackal

Skill      XL: |  1  2 |
---------------+-------+-----
Dodging        | 2 |  2.0
Fighting       | |  0.7
Stealth        | |  2.4
Spellcasting   | |  2.6
Necromancy     | |  4.3

Action                   || total
-------------------------++-------
Melee: Unarmed           ||    35
 Cast: Pain              ||    33
       Animate Skeleton  ||     3
 Abil: Dig               ||     1
  Use: Potion            ||     2
  Eat: Chunk             ||     2
Armor: Robe              ||    14
Dodge: Dodged            ||    42
